 Dungeon Crawl Stone Soup version 0.32-a0-35-gd9ff480968 (webtiles) character file.

Game seed: 10832279251908335919

3 Swampy the Trooper (level 1, 0/24 HPs)
             Began as an Oni Fighter on Jan 22, 2024.
             Hit by a goblin thrown by Robin (1 damage)
             ... on level 2 of the Dungeon.
             The game lasted 00:00:59 (73 turns).

Swampy the Trooper (Oni Fighter)                      Turns: 73, Time: 00:01:11

Health: 0/24       AC:  3    Str: 19    XL:     1   Next: 50%
Magic:  1/1        EV:  8    Int:  9    God:
Gold:   0          SH:  7    Dex:  8    Spells: 0/0 levels left

rFire   . . .        a - +0 long sword
rCold   . . .        c - +0 kite shield
rNeg    . . .        b - +0 robe
rPois   .            (helmet restricted)
rElec   .            (no cloak)
rCorr   .            (gloves unavailable)
SInv    .            (boots unavailable)
Will    .....        (no amulet)
Stlth   +            (no ring)
HPRegen 0.24/turn    (no ring)
MPRegen 0.07/turn

%: no passive effects
@: no status effects
A: large, unfitting armour, horns 1, tough skin 1, double potion healing,
drunken brawling
a: no special abilities


You were on level 2 of the Dungeon.
You visited 1 branch of the dungeon, and saw 2 of its levels.

Inventory:

Hand Weapons
 a - a +0 long sword (weapon)
Armour
 b - a +0 robe (worn)
 c - a +0 kite shield (worn)
Potions
 d - a potion of might


   Skills:
 + Level 4.1 Fighting
 + Level 1.7 Long Blades
 + Level 2.7 Dodging
 + Level 2.7 Shields


You couldn't memorise any spells.
You didn't know any spells.
Your spell library was empty.

Dungeon Overview and Level Annotations

Branches:
Dungeon (2/15)

Altars:

Annotations:
D:2 Robin


Innate Abilities, Weirdness & Mutations

You are too large for most types of armour.
You have a pair of small horns on your head.
You have tough skin. (AC +1)
You gain doubled healing and magic from potions.
Whenever you drink a healing potion, you attack all around you.


Message History

A goblin comes into view. It is wielding a +0 club.
The goblin shouts!
You hear a shout!
The goblin shouts!
The hobgoblin shouts!
You slash the rat!
You kill the rat!
A goblin comes into view. It is wielding a +0 dagger.
A goblin comes into view. It is wielding a +0 dagger.
The goblin shouts!
A hobgoblin comes into view.
The goblin moves out of view.
You closely miss the goblin. Your headbutt misses the goblin.
Robin of the Strong Arm comes into view.
They are wielding a +0 dagger.
The goblin hits you with a +0 club.
Robin moves out of view.
You slash the goblin!
You kill the goblin!
A rat comes into view.
The goblin barely misses you.
You slash the goblin!
You kill the goblin!
The goblin hits you with a +0 club. x2; The goblin closely misses you.
The goblin hits you with a +0 club.
You closely miss the goblin. Your headbutt misses the goblin.
The goblin closely misses you. You block the hobgoblin's attack.
You block the goblin's attack. The goblin barely misses you.
The goblin hits you but does no damage.
You barely miss the hobgoblin. The hobgoblin barely misses you.
The goblin barely misses you. The goblin hits you with a +0 club.
The goblin completely misses you.
Robin roars a battlecry!
The goblins go into a battle-frenzy!
You block the hobgoblin's attack. You block the goblin's attack.
You hit the goblin.
The goblin is severely wounded.
You block the goblin's attack. The hobgoblin hits you.
* * * LOW HITPOINT WARNING * * *
You block the goblin's attack. The goblin hits you with a +0 club.
* * * LOW HITPOINT WARNING * * *
Robin throws the goblin at you!
You die...
Robin says, "And that's why I'm the boss."

.... ...##### #
. ..#.... .# gg
.....## ... .g.
...g. ...# ..!.
#r..##.....
.....#g#g.....#
...gggg@g##....
.....##gg.......
.##....<........
######..#.....
.....##..
#.#......
........
#.#.#.#. .. ...


You could see Robin, a hobgoblin (strong), 8 goblins and a rat.

Vanquished Creatures
  2 goblins (D:2)
  A rat (D:2)
3 creatures vanquished.

Notes
Turn   | Place    | Note
-------+----------+-------------------------------------------
     0 | D:1      | Swampy the Oni Fighter began the quest for the Orb.
     0 | D:1      | Reached XP level 1. HP: 24/24 MP: 1/1
    68 | D:2      | Noticed Robin
    73 | D:2      | HP: 1/24 [goblin/+0 club[Robin] (5)]
    73 | D:2      | Hit by a goblin thrown by Robin

Illustrated notes

Levels and vault maps discovered:
D:1:      minmay_arrival_cross, layout_rooms
D:2:      layout_basic, kennysheep_generic_room_11, uniq_robin

Action                     || total
---------------------------++-------
  Melee: Long sword        ||     7
 Armour: Robe              ||    10
  Dodge: Dodged            ||     7
  Block: Kite shield       ||     6

Table legend: (Time is in decaauts)
 A = Elapsed time spent in this place.
 B = Non-inter-level travel time spent in this place.
 C = Inter-level travel time spent in this place.
 D = Time resting spent in this place.
 E = Time spent auto-exploring this place.
 F = Levels seen in this place.
 G = Mean time per level.
                   A        B        C        D        E       F      G
               +--------+--------+--------+--------+--------+-----+--------+
         Total |     75 |     75 |      0 |      0 |      0 |   2 |   37.5 |
       Dungeon |     75 |     75 |      0 |      0 |      0 |   2 |   37.5 |
               +--------+--------+--------+--------+--------+-----+--------+

Top non-repeatable levels by time:
     D:1: 62 daAuts
     D:2: 13 daAuts
